 Dungeon Crawl Stone Soup version 0.32-a0-841-g4648e6c (webtiles) character file.

Game seed: 17568598889106769032

37 Dorkslayer the Trooper (level 3, -5/26 HPs)
             Began as an Octopode Fighter on Mar 26, 2024.
             Slain by a kobold
             ... wielding a +0 whip
              (6 damage)
             ... on level 2 of the Dungeon.
             The game lasted 00:01:53 (528 turns).

Dorkslayer the Trooper (Octopode Fighter)            Turns: 528, Time: 00:01:53

Health: -5/26      AC:  1    Str: 17    XL:     3   Next: 39%
Magic:  3/3        EV: 12    Int: 10    God:
Gold:   73         SH:  4    Dex: 11    Spells: 2/2 levels left

rFire   . . .        a - +0 war axe
rCold   . . .        b - +0 buckler
rNeg    . . .        (helmet restricted)
rPois   .            (no amulet)
rElec   .            (no ring)
rCorr   .            (no ring)
SInv    .            (no ring)
Will    .....        (no ring)
Stlth   +++          (no ring)
HPRegen 0.24/turn    (no ring)
MPRegen 0.08/turn    (no ring)
                     (no ring)

%: no passive effects
@: no status effects
A: almost no armour, amphibious, 8 rings, camouflage 1, gelatinous body 1,
(nimble swimmer 1), tentacles
a: no special abilities


You were on level 2 of the Dungeon.
You visited 1 branch of the dungeon, and saw 2 of its levels.

You collected 73 gold pieces.

Inventory:

Hand Weapons
 a - a +0 war axe (weapon)
Armour
 b - a +0 buckler (worn)
Scrolls
 e - a scroll of enchant weapon {unknown}
 f - a scroll of silence {unknown}
 g - a scroll of immolation {unknown}
 h - a scroll of amnesia {unknown}
 i - a scroll of blinking {unknown}
Potions
 c - a potion of might
 d - a potion of magic
 j - a potion of curing {unknown}


   Skills:
 + Level 3.4 Fighting
 + Level 2.4 Axes
 + Level 3.3 Dodging
 + Level 1.2 Stealth
 + Level 3.2 Shields


You had 2 spell levels left.
You didn't know any spells.
Your spell library contained the following spells:

 Spells                   Type           Power      Damage    Failure   Level
 Call Imp                 Summ           0%         N/A       58%         2
 Sublimation of Blood     Necr           0%         N/A       58%         2
 Summon Hydra             Summ           0%         N/A       100%        7


Dungeon Overview and Level Annotations

Branches:
Dungeon (2/15)

Altars:


Innate Abilities, Weirdness & Mutations

You cannot wear most types of armour.
You are amphibious.
You can wear up to eight rings at the same time.
Your skin changes colour to match your surroundings (Stealth+).
Your rubbery body absorbs attacks. (AC +1, EV +1)
((You are camouflaged when in or above water. (Stealth+)))
You have tentacles for arms and can constrict up to eight enemies at once.


Message History

You enter the shallow water.
A rat comes into view.
Found 4 poisoned darts and a scroll labelled KIULIGGUNUG.
A ribbon worm comes into view.
The ribbon worm moves out of view.
A kobold comes into view. It is wielding a +0 whip.
Found 6 stones.
Found a stone staircase leading down.
The kobold shouts!
The rat squeaks loudly.
The kobold throws a stone.
The stone barely misses you.
You see here an inky potion.
j - an inky potion The kobold throws a stone.
The stone closely misses you. The rat barely misses you.
You hit the rat.
You kill the rat!
The kobold throws a stone.
The stone barely misses you.
Found a ring mail.
The kobold throws a stone.
You block the stone.
Found a scroll labelled PUCLEYXIEST.
The kobold barely misses you.
The ribbon worm expels a string of sticky webbing.
The stream of webbing hits you but does no damage.
You are caught in a web!
There is a web here.
You struggle to detach yourself from the web.
The kobold hits you with a +0 whip.
The web tears apart.
The ribbon worm bites you. The kobold hits you but does no damage.
You barely miss the ribbon worm. You grab the ribbon worm.
You squeeze the ribbon worm.
The ribbon worm is moderately wounded.
You barely miss the kobold. You constrict the ribbon worm.
The kobold hits you with a +0 whip. The ribbon worm bites you.
* * * LOW HITPOINT WARNING * * *
The kobold hits you with a +0 whip.
* * * LOW HITPOINT WARNING * * *
It was a potion of magic.
Magic courses through your body.
You constrict the ribbon worm. The ribbon worm misses you.
The kobold hits you with a +0 whip.
You die...

#.>... ##.......
#########...(...?.
#......##.........#
#......##..........#
?####.......#..........#
............#~~~.......#
####..@....~≈≈~.......#
..[...K.w..~~≈≈~.[.....#
######.....~≈≈~~........
#(..#.~~≈≈~.........
#..#...~≈≈~~.........
..#...~~≈≈~..........
###...#~≈≈~~..........
..##~≈≈~.........<#
.~~≈≈~..........#


You could see a ribbon worm and a kobold.

Vanquished Creatures
  3 ball pythons
  2 endoplasms (D:1)
  4 giant cockroaches (D:1)
  4 goblins (D:1)
  4 hobgoblins (D:1)
  3 jackals (D:1)
  A quokka (D:1)
  4 bats
  A frilled lizard (D:1)
  2 kobolds (D:1)
  4 rats
32 creatures vanquished.

Notes
Turn   | Place    | Note
-------+----------+-------------------------------------------
     0 | D:1      | Dorkslayer the Octopode Fighter began the quest for the
                  | Orb.
     0 | D:1      | Reached XP level 1. HP: 16/16 MP: 1/1
   109 | D:1      | Reached XP level 2. HP: 16/21 MP: 2/2
   237 | D:1      | Reached skill level 1 in Stealth
   302 | D:1      | Reached XP level 3. HP: 26/26 MP: 3/3
   527 | D:2      | HP: 1/26 [kobold/+0 whip (4)]
   528 | D:2      | Slain by a kobold

Illustrated notes

Levels and vault maps discovered:
D:1:      noname_arrival_rooms_in_the_neighbourhood, layout_rooms,
          minmay_worlds_worst_comb
D:2:      wander_river, layout_rooms

Skill      XL: |  1  2 |
---------------+-------+-----
Stealth        | 1 |  1.2
Fighting       | |  3.4
Axes           | |  2.4
Dodging        | |  3.3
Shields        | |  3.2

Action                     || total
---------------------------++-------
  Melee: War axe           ||    45
         Constrict         ||    13
         Tentacles         ||     9
    Use: Potion            ||     1
   Stab: Sleeping          ||     4
 Armour: Skin              ||    28
  Dodge: Dodged            ||    33
  Block: Buckler           ||    20

Table legend: (Time is in decaauts)
 A = Elapsed time spent in this place.
 B = Non-inter-level travel time spent in this place.
 C = Inter-level travel time spent in this place.
 D = Time resting spent in this place.
 E = Time spent auto-exploring this place.
 F = Levels seen in this place.
 G = Mean time per level.
                   A        B        C        D        E       F      G
               +--------+--------+--------+--------+--------+-----+--------+
         Total |    546 |    546 |      0 |      0 |    216 |   2 |  273.0 |
       Dungeon |    546 |    546 |      0 |      0 |    216 |   2 |  273.0 |
               +--------+--------+--------+--------+--------+-----+--------+

Top non-repeatable levels by time:
     D:1: 515 daAuts
     D:2: 31 daAuts
